 Dungeon Crawl Stone Soup version 0.29.0-11-gd7f09526c8 (webtiles) character file.

Game seed: 8548862856738587167

2383 nicolae the Chiller (level 9, -2/76 HPs)
             Began as a Grey Draconian Transmuter on Sept 4, 2022.
             Was an Initiate of Gozag.
             Slain by a hornet (6 damage)
             ... on level 8 of the Dungeon.
             The game lasted 00:17:39 (9360 turns).

nicolae the Chiller (Grey Draconian Transmuter)     Turns: 9360, Time: 00:17:39

Health: -2/76      AC: 12    Str: 13    XL:     9   Next: 22%
Magic:  15/15      EV: 10    Int: 18    God:    Gozag
Gold:   516        SH:  0    Dex: 11    Spells: 4/16 levels left

rFire   x . .      SeeInvis .     - Unarmed
rCold   + + +      Faith    .   (shield currently unavailable)
rNeg    . . .      Spirit   .   (body armour unavailable)
rPois   +          Reflect  .   (helmet currently unavailable)
rElec   .          Harm     .   (cloak currently unavailable)
rCorr   +          Rampage  .   (gloves currently unavailable)
Will    .....                   (boots currently unavailable)
Stlth   +.........              (no amulet)
HPRegen 0.22/turn               u - ring of resist corrosion
MPRegen 0.14/turn               y - +4 ring of protection

@: ice-form, slowed, very slow
A: freezing attack, boosted hp, AC +12, amphibious, large, unfitting armour,
(cold-blooded)
a: End Transformation, Renounce Religion, Potion Petition, Call Merchant, Bribe
Branch


You were on level 8 of the Dungeon.
You worshipped Gozag.
Gozag was pleased with you.
You were a creature of crystalline ice.
You visited 2 branches of the dungeon, and saw 9 of its levels.
You also visited: Ossuary.

You collected 659 gold pieces.
You paid 143 gold pieces to Gozag.

Inventory:

Missiles
 i - 4 boomerangs
 n - 3 javelins
Armour
 h - a +2 cloak (melded)
Jewellery
 u - a ring of resist corrosion (left front paw)
 y - a +4 ring of protection (right front paw)
Wands
 g - a wand of mindburst (7)
 x - a wand of digging (1)
 B - a wand of flame (22)
Scrolls
 b - a scroll of vulnerability
 d - a scroll of noise {unknown}
 p - a scroll of teleportation {unknown}
 s - a scroll of silence {unknown}
 v - a scroll of amnesia {unknown}
 w - a scroll of fog
 z - a scroll of enchant armour
 D - a scroll of brand weapon {unknown}
Potions
 a - 3 potions of lignification
 c - a potion of attraction {unknown}
 f - 5 potions of curing
 j - 2 potions of resistance
 k - a potion of might
 l - 2 potions of magic
 o - 3 potions of mutation
 q - a potion of degeneration {unknown}
 r - 3 potions of flight
 t - 2 potions of haste
 A - a potion of ambrosia {unknown}


   Skills:
 - Level 1.1 Fighting
 - Level 1.7 Dodging
 - Level 3.2 Unarmed Combat
 - Level 4.0 Spellcasting
 - Level 7.0 Transmutations
 - Level 7.0 Ice Magic
 + Level 4.3 Earth Magic
 - Level 5.0 Poison Magic


You had 4 spell levels left.
You knew the following spells:

 Your Spells              Type           Power      Damage    Failure   Level
a - Beastly Appendage     Tmut           56%        N/A       1%          1
b - Wereblood             Tmut           28%        N/A       1%          2
c - Spider Form           Tmut/Pois      25%        N/A       3%          3
d - Ice Form              Ice/Tmut       28%        N/A       9%          4
e - Passwall              Tmut/Erth      20%        N/A       2%          2

Your spell library contained the following spells:

 Spells                   Type           Power      Damage    Failure   Level
 Sandblast                Erth           38%        2d10      2%          1
 Ignite Poison            Fire/Tmut/Pois 18%        N/A       9%          3
 Stone Arrow              Conj/Erth      22%        3d8       19%         3
 Static Discharge         Conj/Air       3%         3-4/arc   22%         2
 Conjure Flame            Conj/Fire      3%         6-21      41%         3
 Leda's Liquefaction      Hex/Erth       5%         N/A       52%         4
 Airstrike                Air            1%         2d(1-17)  82%         4
 Sticky Flame             Conj/Fire      3%         2d3       82%         4
 Summon Lightning Spire   Summ/Air       3%         N/A       82%         4
 Statue Form              Tmut/Erth      16%        N/A       91%         6
 Lightning Bolt           Conj/Air       1%         1d12      99%         5
 Iron Shot                Conj/Erth      5%         9d2       100%        6
 Maxwell's Capacitive Co  Air            1%         ∞         100%        8


Dungeon Overview and Level Annotations

Branches:
Dungeon (8/15)             Temple (1/1) D:6         Ossuary (visited)
   Lair: D:8-11

Altars:
Ashenzari
Cheibriados
Elyvilon
Fedhas
Gozag
Hepliaklqana
Kikubaaqudgha
Makhleb
Nemelex Xobeh
Okawaru
Qazlal
Ru
Sif Muna
Trog
Uskayaw
Vehumet
Wu Jian
Xom
Yredelemnul
Zin
The Shining One

Shops:
D:4 *

Annotations:
D:3 3 runed translucent doors, Vadun's ghost, weakling DsBe
D:4 2 transporters, VictoriousLee's ghost, amateur OpTm


Innate Abilities, Weirdness & Mutations

You are a creature of crystalline ice.
You have a powerful freezing melee attack.
Your maximum health is increased.
Your armour is entirely melded.
You are incapable of wielding weapons or throwing items.
((Your dull iron-grey scales are very hard. (AC +12)))
You are amphibious.
You cannot fit into any form of body armour.
((You are cold-blooded and may be slowed by cold attacks.))


Message History

You feel yourself slow down.
You see here a puce potion.
You are too injured to fight recklessly!
You are too injured to fight recklessly!
You hit the hornet. You freeze the hornet.
The hornet is lightly wounded.
The hornet closely misses you.
The hornet stings you but does no damage.
You punch the hornet! You freeze the hornet.
The hornet is heavily wounded.
The hornet stings you but does no damage.
The hornet stings you!
* * * LOW HITPOINT WARNING * * *
You feel as though you will be slow longer.
You feel better. The hornet barely misses you.
You hear a distant slurping noise.
The hornet barely misses you.
You punch the hornet! You freeze the hornet.
The hornet is almost dead.
The hornet barely misses you. The hornet stings you!
* * * LOW HITPOINT WARNING * * *
You feel as though you will be slow longer.
You hit the hornet but do no damage.
The hornet is almost dead.
The hornet barely misses you. The hornet stings you!
* * * LOW HITPOINT WARNING * * *
You barely miss the hornet.
The hornet is almost dead.
The hornet stings you.
* * * LOW HITPOINT WARNING * * *
You feel as though you will be slow longer.
The hornet barely misses you.
You closely miss the hornet.
The hornet is almost dead.
The hornet barely misses you. x2
You hit the hornet but do no damage.
The hornet is almost dead.
The hornet closely misses you. The hornet stings you.
You die...
Your body crumbles into a pile of gold.

# ..#..
#.#.#.#
#.#.#.#
#.#.#.#
#.....#
.....####
#######.#.y..#
#<.....<.$Y#
####.###...# $
...#.....#
.....#.(...#
...........#.#
....####.#...#
.... #+#.#..
... ....≈~


You could see a hornet.

Vanquished Creatures
  A hornet (D:8)
  A wyvern (D:7)
  A black bear (D:7)
  3 ice beasts
  3 centaurs
  2 bullfrogs
  3 scorpions
  A necrophage (D:5)
  A water moccasin zombie (Ossuary)
  5 wights (D:6)
  A howler monkey (D:6)
  3 orc priests
  3 hounds
  4 iguanas
  5 orc wizards
  2 mummies (Ossuary)
  6 adders
  A white imp (D:6)
  5 adder zombies (Ossuary)
  A worm (D:2)
  A dart slug (D:1)
  22 orcs
  5 endoplasms
  5 giant cockroaches
  7 goblins
  2 hobgoblins
  6 jackals
  5 kobolds
  3 quokkas
  4 ball pythons
  4 bats
  6 frilled lizards
  4 gnoll zombies (Ossuary)
  6 hobgoblin zombies (Ossuary)
  5 kobold zombies (Ossuary)
  3 orc zombies (Ossuary)
  9 rats
149 creatures vanquished.

Vanquished Creatures (collateral kills)
  An orc warrior (D:7)
  An orc priest (D:7)
  An orc (D:7)
3 creatures vanquished.

Vanquished Creatures (others)
  7 plants
7 creatures vanquished.

Grand Total: 159 creatures vanquished

Notes
Turn   | Place    | Note
-------+----------+-------------------------------------------
     0 | D:1      | nicolae the Draconian Transmuter began the quest for the
                  | Orb.
     0 | D:1      | Reached XP level 1. HP: 16/16 MP: 3/3
   177 | D:1      | Got the Codex of Jinxing and Grit
   271 | D:1      | Reached XP level 2. HP: 22/23 MP: 1/5
   321 | D:1      | Learned a level 2 spell: Wereblood
  1122 | D:2      | Reached XP level 3. HP: 25/28 MP: 4/6
  2205 | D:2      | Learned a level 3 spell: Spider Form
  2369 | D:3      | Found a stormy altar of Qazlal.
  2433 | D:3      | Noticed Vadun's ghost (weakling DsBe)
  2461 | D:3      | Found a runed translucent gate.
  2461 | D:3      | Found a runed translucent gate.
  2461 | D:3      | Found a runed translucent gate.
  2475 | D:3      | Reached XP level 4. HP: 32/35 MP: 5/7
  2928 | D:3      | Reached skill level 5 in Transmutations
  3210 | D:4      | Reached skill level 1 in Poison Magic
  3245 | D:4      | Found a sand-covered staircase.
  3289 | D:4      | Found Anies's Overcharged Wands.
  3317 | Ossuary  | Entered an ossuary
  3355 | Ossuary  | Reached XP level 5. HP: 40/40 MP: 5/8
  3658 | D:4      | Found a transporter.
  3683 | D:4      | Reached XP level 6. HP: 14/47 MP: 9/9
  3914 | D:4      | Identified the +7 spear "Nititoit" {venom, Fly Will+ Dex-4}
  4400 | D:4      | Found a transporter.
  4410 | D:4      | Noticed VictoriousLee's ghost (amateur OpTm)
  4765 | D:5      | Entered Level 5 of the Dungeon
  4815 | D:5      | Reached skill level 5 in Poison Magic
  4903 | D:5      | Found an iron altar of Okawaru.
  5050 | D:5      | Your scales start taking on a dull iron-grey colour.
  5050 | D:5      | Reached XP level 7. HP: 31/52 MP: 7/11
  5106 | D:5      | Learned a level 4 spell: Ice Form
  5853 | D:6      | Found an ancient bone altar of Kikubaaqudgha.
  5854 | D:6      | Found a hazy altar of Hepliaklqana.
  5855 | D:6      | Found a basalt altar of Yredelemnul.
  5856 | D:6      | Found a glowing silver altar of Zin.
  5857 | D:6      | Found a shimmering blue altar of Sif Muna.
  5857 | D:6      | Found a white marble altar of Elyvilon.
  5859 | D:6      | Found a glowing golden altar of the Shining One.
  5894 | D:6      | Found a staircase to the Ecumenical Temple.
  5907 | D:6      | Reached XP level 8. HP: 24/59 MP: 8/14
  5955 | Temple   | Entered the Ecumenical Temple
  6170 | Temple   | Became a worshipper of Gozag Ym Sagoz the Greedy
  6187 | D:6      | Reached skill level 5 in Ice Magic
  6194 | D:6      | Learned a level 2 spell: Passwall
  6247 | D:6      | Found a shimmering altar of Xom.
  6507 | D:6      | Found a sacrificial altar of Ru.
  7948 | D:7      | Reached XP level 9. HP: 7/64 MP: 15/15
  7952 | D:7      | Reached skill level 1 in Earth Magic
  9131 | D:7      | Found a burning altar of Makhleb.
  9132 | D:7      | Found a blossoming altar of Fedhas.
  9133 | D:7      | Found a snail-covered altar of Cheibriados.
  9351 | D:8      | Identified the +11 battleaxe "Ridwofus" {elec, rN++ Dex-5}
  9358 | D:8      | HP: 3/76 [hornet (3)]
  9360 | D:8      | Slain by a hornet

Illustrated notes

Levels and vault maps discovered:
D:1:      eino_arrival_druids_welcome, layout_loops_cross,
          nicolae_figureground_pulse
D:2:      layout_basic, nrook_loot_triangle, dreamdust_wishing_well
D:3:      layout_basic, nicolae_qazlal_general_emergency, gammafunk_ghost_icy
D:4:      layout_loops_ring, gammafunk_ghost_gnarly_gnolls, enter_ossuary_1,
          ebering_dispersal_statue_hall, nicolae_shop_overcharged_wands
D:5:      layout_gridville, okawaru_ov_weapons_minmay
D:6:      layout_loops_ring, grunt_temple_overflow_open,
          mainiacjoe_overflow_alcove_1, lemuel_doored_altar,
          minmay_temple_entry_stoned_glass
D:7:      layout_loops_ring, minitemple
D:8:      layout_basic, grunt_dithmenos_shadows, enter_bailey_4
Temple:   nicolae_temple_ecumenical_triangle

Skill      XL: |  1  2  3  4  5  6  7  8  9 |
---------------+----------------------------+-----
Transmutations | 3 4 5 6 7 |  7.0
Poison Magic   | 1 4 5 |  5.0
Spellcasting   | 3 4 |  4.0
Ice Magic      | 4 6 7 |  7.0
Earth Magic    | 4 |  4.3
Fighting       | |  1.1
Dodging        | |  1.7
Unarmed Combat | |  3.2

Action                   |  1- 3 |  4- 6 |  7- 9 || total
-------------------------+-------+-------+-------++-------
Melee: Unarmed           |   121 |   223 |   182 ||   526
       Kick              |    23 |    41 |     8 ||    72
       Headbutt          |    15 |    24 |     3 ||    42
       Tailslap          |     5 |    28 |     3 ||    36
       Punch             |     1 |     2 |       ||     3
 Cast: Beastly Appendage |    37 |    30 |     3 ||    70
       Wereblood         |       |     6 |     2 ||     8
       Spider Form       |       |     4 |     6 ||    10
       Ice Form          |       |       |     9 ||     9
  Use: Potion            |       |     2 |     5 ||     7
       Scroll            |       |     3 |    10 ||    13
 Stab: Sleeping          |     2 |       |       ||     2
Armor: Skin              |    42 |    60 |    73 ||   175
Dodge: Dodged            |    80 |   154 |   129 ||   363
